 Dungeon Crawl Stone Soup version 0.21.1-1-g345015fe64 (webtiles) character file.

226 Kholdaimon the Shield-Bearer (level 5, 0/70 HPs)
             Began as a Minotaur Fighter on June 16, 2018.
             Succumbed to a gnoll's poison
             ... on level 3 of the Dungeon.
             The game lasted 00:11:27 (1786 turns).

Kholdaimon the Shield-Bearer (Minotaur Fighter)     Turns: 1786, Time: 00:11:28

Health: 0/70       AC: 11    Str: 27    XL:     5   Next: 69%
Magic:  4/4        EV: 13    Int:  5    God:
Gold:   106        SH: 11    Dex: 14    Spells: 4/4 levels left

rFire    . . .     SeeInvis .   a - +0 war axe
rCold    . . .     Gourm    .   c - +0 shield
rNeg     . . .     Faith    .   b - +0 scale mail
rPois    .         Spirit   .   (helmet restricted)
rElec    .         Reflect  .   (no cloak)
rCorr    .         Harm     .   j - +0 pair of gloves
MR       .....                  (no boots)
Stlth    ..........             (no amulet)
HPRegen  0.21/turn              q - +3 ring of protection
MPRegen  0.09/turn              (no ring)

@: agile, berserking, lethally poisoned (0 -> -21), hasted, very quick
A: retaliatory headbutt, horns 2
a: no special abilities


You were on level 3 of the Dungeon.
You were not hungry.

You visited 1 branch of the dungeon, and saw 3 of its levels.

You collected 106 gold pieces.

Inventory:

Hand Weapons
 a - a +0 war axe (weapon)
Missiles
 e - 135 stones (quivered)
 l - 35 poisoned needles
Armour
 b - a +0 scale mail (worn)
 c - a +0 shield (worn)
 j - a +0 pair of gloves (worn)
Jewellery
 q - a +3 ring of protection (left hand)
Scrolls
 h - 3 scrolls of identify {unknown}
 n - a scroll of remove curse {unknown}
 o - a scroll of teleportation {unknown}
 r - a scroll of enchant armour {unknown}
Potions
 d - a potion of might
 s - a potion of resistance {unknown}
Comestibles
 f - 5 rations
 g - 4 chunks of flesh


   Skills:
 - Level 4.8 Fighting
 + Level 4.7 Axes
 - Level 4.2 Armour
 - Level 0.2 Dodging
 * Level 5.2 Shields


You had 4 spell levels left.
You didn't know any spells.

Dungeon Overview and Level Annotations

Branches:
Dungeon (3/15)

Altars:


Innate Abilities, Weirdness & Mutations

You reflexively headbutt those who attack you in melee.
You have a pair of horns on your head.


Message History

A red film seems to cover your vision as you go berserk!
You feel yourself moving faster!
You feel mighty!
* * * LOW HITPOINT WARNING * * *
You feel sick.
The hobgoblin hits you but does no damage.
The water moccasin skeleton bites you.
* * * LOW HITPOINT WARNING * * *
You are too berserk!
You closely miss the water moccasin skeleton.
The water moccasin skeleton is severely damaged.
You slash the hobgoblin!
You kill the hobgoblin!
* * * LOW HITPOINT WARNING * * *
You feel very sick.
You block the water moccasin skeleton's attack.
Some of the chunks of flesh in your inventory have rotted away.
You are too berserk!
You barely miss the water moccasin skeleton.
The water moccasin skeleton is severely damaged.
You die...

.# #.#.# .# #.#.# ...##
.####.#.# ...'
.#....#.#########...###
.#.##.................
........#...#####.).####
...##.###...# .......
.####.###...#####)......
.......<....'...@Z......
.......##...######......
.#######.........+ .....
.# #.....[#### .... .#
#.#....# ... .. #.#....#
.. .# #.###### . .# .. #
############


You could see a water moccasin skeleton.

Vanquished Creatures
  A gnoll shaman (D:3)
  An iguana (D:2)
  5 gnolls (D:3)
  4 adders
  3 worms
  A dart slug (D:1)
  3 leopard geckos
  9 orcs (D:3)
  8 bats
  3 giant cockroaches
  11 hobgoblins
  6 kobolds
  4 quokkas
  5 frilled lizards
  4 goblins
  2 rats
70 creatures vanquished.

Vanquished Creatures (others)
  4 toadstools (D:1)
4 creatures vanquished.

Grand Total: 74 creatures vanquished

Notes
Turn   | Place    | Note
-------+----------+-------------------------------------------
     0 | D:1      | Kholdaimon the Minotaur Fighter began the quest for the Orb.
     0 | D:1      | Reached XP level 1. HP: 19/19 MP: 0/0
   202 | D:1      | Reached XP level 2. HP: 26/27 MP: 1/1
   207 | D:1      | Reached skill level 4 in Shields
   813 | D:2      | Reached XP level 3. HP: 27/33 MP: 2/2
  1000 | D:2      | Reached XP level 4. HP: 24/41 MP: 3/3
  1749 | D:3      | Reached XP level 5. HP: 45/47 MP: 4/4
  1767 | D:3      | Reached skill level 5 in Shields
  1785 | D:3      | HP: 1/70 [poisoned by a gnoll]
  1786 | D:3      | Succumbed to a gnoll's poison

Skill      XL: |  1  2  3  4  5 |
---------------+----------------+-----
Shields        | 4 5 |  5.2
Fighting       | 4 |  4.8
Armour         | 4 |  4.2
Axes           | 3 4 |  4.7
Dodging        | |  0.2

Action                   |  1- 3 |  4- 6 || total
-------------------------+-------+-------++-------
Melee: War axe           |    66 |   119 ||   185
       Headbutt          |     6 |    11 ||    17
  Use: Potion            |       |     4 ||     4
  Eat: Chunk             |       |     3 ||     3
Armor: Scale mail        |    39 |    50 ||    89
Dodge: Dodged            |    26 |    37 ||    63
Block: Shield            |    30 |    78 ||   108
